 Dungeon Crawl Stone Soup version 0.21.1-1-g345015f (webtiles) character file.

8 Flooderbenga the Grave Robber (level 2, 0/19 HPs)
             Began as a Gnoll Necromancer on Apr 7, 2018.
             Slain by a frilled lizard (1 damage)
             ... on level 1 of the Dungeon.
             The game lasted 00:02:31 (124 turns).

Flooderbenga the Grave Robber (Gnoll Necromancer)    Turns: 124, Time: 00:02:32

Health: 0/19       AC:  2    Str: 10    XL:     2   Next: 8%
Magic:  2/7        EV: 14    Int: 17    God:
Gold:   7          SH:  0    Dex: 15    Spells: 9/10 levels left

rFire    . . .     SeeInvis .   (no weapon)
rCold    . . .     Gourm    .   (no shield)
rNeg     . . .     Faith    .   a - +0 robe
rPois    .         Spirit   .   (no helmet)
rElec    .         Reflect  .   (no cloak)
rCorr    .         Harm     .   (no gloves)
MR       .....                  (no boots)
Stlth    +++.......             (no amulet)
HPRegen  0.06/turn              (no ring)
MPRegen  0.10/turn              (no ring)

@: no status effects
A: distributed training, fangs 1, strong nose
a: no special abilities


You were on level 1 of the Dungeon.
You were not hungry.

You visited 1 branch of the dungeon, and saw 1 of its levels.

You collected 7 gold pieces.

Inventory:

Armour
 a - a +0 robe (worn)
Scrolls
 d - 2 scrolls of identify {unknown}
Books
 b - a book of Necromancy

   Spells                             Type                      Level
   a - Pain                           Necromancy                   1
   b - Animate Skeleton               Necromancy                   1
   c - Vampiric Draining              Necromancy                   3
   d - Regeneration                   Charms/Necromancy            3
   e - Animate Dead                   Necromancy                   4
   f - Borgnjor's Vile Clutch         Necromancy/Earth             5
Comestibles
 c - 2 rations


   Skills:
 + Level 0.2 Fighting
 + Level 0.2 Short Blades
 + Level 0.2 Long Blades
 + Level 0.2 Axes
 + Level 0.2 Maces & Flails
 + Level 0.2 Polearms
 + Level 0.2 Staves
 + Level 0.2 Slings
 + Level 0.2 Bows
 + Level 0.2 Crossbows
 + Level 0.2 Throwing
 + Level 0.2 Armour
 + Level 4.4 Dodging
 + Level 4.0 Stealth
 + Level 0.2 Shields
 + Level 0.2 Unarmed Combat
 + Level 4.9 Spellcasting
 + Level 0.1 Conjurations
 + Level 0.1 Hexes
 + Level 0.1 Charms
 + Level 0.1 Summonings
 + Level 7.0 Necromancy
 + Level 0.1 Translocations
 + Level 0.1 Transmutations
 + Level 0.1 Fire Magic
 + Level 0.1 Ice Magic
 + Level 0.1 Air Magic
 + Level 0.1 Earth Magic
 + Level 0.1 Poison Magic
 + Level 0.3 Invocations
 + Level 0.2 Evocations


You had 9 spell levels left.
You knew the following spells:

 Your Spells              Type           Power        Failure   Level  Hunger
a - Pain                  Necr           ####         1%          1    None


Dungeon Overview and Level Annotations

Branches:
Dungeon (1/15)

Altars:


Innate Abilities, Weirdness & Mutations

Your experience applies equally to all skills.
You have very sharp teeth.
Your uncanny sense of smell can sniff out nearby items.


Message History

The frilled lizard hisses.
Found a bubbling green potion and 12 gold pieces.
MP restored: 7
Aim: a hobgoblin, wielding a club (chance to defeat MR: 93%)
The hobgoblin barely resists.
You take 1 damage, and have 11/19 hp.
You now have 6/7 mp.
Aim: a hobgoblin, wielding a club (chance to defeat MR: 93%)
The hobgoblin writhes in agony!
The hobgoblin hits you with a club.
You take 2 damage, and have 9/19 hp.
You now have 5/7 mp.
Aim: a hobgoblin, wielding a club (lightly wounded, chance to defeat MR: 93%)
The hobgoblin writhes in agony!
The hobgoblin hits you with a club.
* * * LOW HITPOINT WARNING * * *
You take 7 damage, and have 2/19 hp.
MASSIVE DAMAGE!!
You now have 4/7 mp.
Aim: a hobgoblin, wielding a club (moderately wounded, chance to defeat MR: 93%)
The hobgoblin writhes in agony!
You kill the hobgoblin!
You take 1 damage, and have 1/19 hp.
You now have 3/7 mp.
Aim: a frilled lizard (chance to defeat MR: 93%)
The frilled lizard writhes in agony!
The frilled lizard bites you.
You die...

#g# #.# ..#
#.##### #$#.#∆
#.g...# #.#r#
#####.# #.#.# #.#
#.#.# #.# #.#.# #
#.########.#.#.#
#.#.!.....@#.#.###
#.#........l.....#
#.##########.#.###
#.........g..#
##############


You could see a frilled lizard.

Vanquished Creatures
  2 hobgoblins (D:1)
  A kobold (D:1)
  A ball python (D:1)
  2 bats (D:1)
  A frilled lizard (D:1)
  A goblin (D:1)
8 creatures vanquished.

Notes
Turn   | Place    | Note
-------+----------+-------------------------------------------
     0 | D:1      | Flooderbenga the Gnoll Necromancer began the quest for the Orb.
     0 | D:1      | Reached XP level 1. HP: 13/13 MP: 6/6
    67 | D:1      | Reached XP level 2. HP: 9/19 MP: 1/7
   124 | D:1      | Slain by a frilled lizard

Action                   || total
-------------------------++-------
 Cast: Pain              ||    14
Armor: Robe              ||     5
Dodge: Dodged            ||    10
